 Dungeon Crawl Stone Soup version 0.17.0-23-g0de4337 (webtiles) character file.

1381 HungrySpirit the Cleaver (level 8, -3/60 HPs)
             Began as a Human Chaos Knight on Nov 13, 2015.
             Slain by an orc warrior
             ... wielding a +0 halberd
              (21 damage)
             ... on level 6 of the Dungeon.
             The game lasted 00:09:58 (6271 turns).

HungrySpirit the Cleaver (Human Chaos Knight)       Turns: 6271, Time: 00:09:58

Health: -3/60      AC:  7    Str: 14    XL:     8   Next: 99%
Magic:  8/8        EV: 12    Int: 12    God:    Xom [.....*]
Gold:   405        SH:  0    Dex: 14    Spells: 0 memorised, 7 levels left

rFire  + . .     SeeInvis .     G - +0 battleaxe (curse)
rCold  . . .     Clarity  +     b - +2 leather armour
rNeg   . . .     SustAt   .     (shield currently unavailable)
rPois  +         Gourm    .     g - +0 helmet
rElec  .         Spirit   .     o - +0 cloak
rCorr  .         Warding  .     (no gloves)
rMut   .         Stasis   .     (no boots)
MR     .....                    t - amulet of clarity
Stlth  +.........               A - ring of protection from fire
                                y - ring of poison resistance

@: not resistant to hostile enchantments, very unstealthy
A: no striking features
a: Renounce Religion


You were on level 6 of the Dungeon.
You worshipped Xom.
You were Xom's teddy bear.
You were not hungry.

You visited 1 branch of the dungeon, and saw 6 of its levels.

You collected 405 gold pieces.

Inventory:

Hand Weapons
 a - a +0 hand axe of chaos
 C - a +0 hand axe
 G - a cursed +0 battleaxe (weapon)
Armour
 b - a +2 leather armour (worn)
 g - a +0 helmet (worn)
 o - a +0 cloak (worn)
Jewellery
 t - an amulet of clarity (around neck)
 y - a ring of poison resistance (left hand)
 A - a ring of protection from fire (right hand)
Wands
 v - a wand of disintegration (1)
Scrolls
 h - a scroll of fear {unknown}
 i - 2 scrolls of noise {unknown}
 j - a scroll of random uselessness {unknown}
 k - 6 scrolls of identify
 l - 2 scrolls of immolation {unknown}
 m - 3 scrolls of teleportation {unknown}
 n - 3 scrolls of remove curse {unknown}
 E - a scroll of magic mapping {unknown}
 H - a scroll of brand weapon {unknown}
Potions
 d - 2 potions of haste
 p - a potion of cure mutation
 q - a potion of cancellation {unknown}
 u - a potion of heal wounds {unknown}
 w - a potion of mutation {unknown}
 x - a potion of berserk rage {unknown}
 B - 2 potions of brilliance {unknown}
Miscellaneous
 z - a lamp of fire (inert)
Comestibles
 c - 8 bread rations
 f - 3 meat rations
 r - a royal jelly
 s - 2 beef jerkies
 F - a slice of pizza
 I - 3 chunks of flesh


   Skills:
 + Level 3.7 Fighting
 * Level 10.0 Axes
 + Level 3.0 Armour
 + Level 2.5 Dodging


You had 7 spell levels left.
You didn't know any spells.

Dungeon Overview and Level Annotations

Branches:
Dungeon (6/15)             Temple (0/1) D:5

Altars:
Fedhas
Qazlal
The Shining One


Message History

The orc warrior is severely wounded.
The orc warrior hits you with a halberd!
You slash the orc warrior!
The orc warrior is almost dead.
The orc warrior barely misses you.
You closely miss the orc warrior.
The orc warrior is almost dead.
You slash the orc wizard!
The orc wizard is severely wounded.
The orc warrior hits you with a halberd!
The orc wizard hits you with a dagger.
* * * LOW HITPOINT WARNING * * *
The orc wizard hits you but does no damage.
Unknown command.
You hit the orc warrior but do no damage.
The orc warrior is almost dead.
You closely miss the orc wizard.
The orc wizard is severely wounded.
The orc warrior hits you with a halberd!!
You die...

#.#.#)## #.# #.#.## #.# #..# #.#
##.## #.# #..# #.# ##.## #.#
#..# #.#
########################.###.##
.o.............o@o(.......##..#
########################..###.##
#...##..# #.#.###.# #.#.###.#
#.#..##.# ########.##.##.#
#........##.##.#
#........##..#.##


You could see an orc warrior and an orc wizard.

Vanquished Creatures
  2 ice beasts
  A phantom (D:6)
  An ogre (D:5)
  A centaur (D:4)
  A giant frog (D:6)
  A water moccasin skeleton (D:5)
  3 wights
  3 crimson imps
  A centaur skeleton (D:5)
  A jelly (D:5)
  An orc priest (D:4)
  2 hounds
  An iguana (D:4)
  2 worker ants
  5 adders
  4 gnolls (D:5)
  3 worms
  20 orcs
  A giant cockroach (D:2)
  6 goblins
  6 hobgoblins
  2 quokkas
  6 bats
  6 giant geckos
  A giant gecko zombie (D:5)
  3 giant newts
  16 jackals
  6 kobolds
  7 rats
  A butterfly (D:5)
114 creatures vanquished.

Vanquished Creatures (collateral kills)
  A phantom (D:6)
  A giant frog (D:6)
  A wight (D:6)
  A jelly (D:6)
  An orc wizard (D:4)
  A worker ant (D:4)
6 creatures vanquished.

Vanquished Creatures (others)
  A worm (D:2)
1 creature vanquished.

Grand Total: 121 creatures vanquished

Notes
Turn   | Place    | Note
--------------------------------------------------------------
     0 | D:1      | HungrySpirit the Human Chaos Knight began the quest for the Orb.
     0 | D:1      | Reached XP level 1. HP: 18/18 MP: 1/1
    81 | D:1      | XOM: silly message
   129 | D:1      | XOM: divination: detect items
   317 | D:1      | Reached XP level 2. HP: 24/24 MP: 2/2
   752 | D:2      | XOM: harmless Trmt miscast
   758 | D:2      | Reached skill level 4 in Axes
   758 | D:2      | Reached XP level 3. HP: 26/29 MP: 3/3
  1000 | D:2      | XOM: enchant monster (bad)
  1240 | D:2      | Reached XP level 4. HP: 32/35 MP: 4/4
  1608 | D:3      | Reached skill level 5 in Axes
  1626 | D:3      | Found a glowing golden altar of the Shining One.
  1819 | D:3      | XOM: silly message
  1920 | D:3      | XOM: noise
  1989 | D:3      | Reached XP level 5. HP: 38/41 MP: 5/5
  2478 | D:4      | XOM: summons 2 friendly demons
  2478 | D:4      | Reached skill level 6 in Axes
  2481 | D:4      | Reached XP level 6. HP: 9/47 MP: 6/6
  2842 | D:4      | XOM: colour smoke trail
  2848 | D:4      | Noticed an ice beast
  2851 | D:4      | XOM: potion effect (haste)
  2860 | D:4      | Killed an ice beast
  2941 | D:4      | XOM: polymorph scorpion -> centaur
  2945 | D:4      | Reached skill level 7 in Axes
  2945 | D:4      | Reached XP level 7. HP: 52/52 MP: 7/7
  2984 | D:4      | XOM: god gift: lamp of fire
  2996 | D:4      | XOM: harmless Summ miscast
  3135 | D:4      | XOM: smoke on damage
  3309 | D:4      | XOM: god gift: 53 gold pieces
  3483 | D:4      | XOM: god gift: 17 stones
  3549 | D:4      | XOM: 4-stop teleportation journey
  3571 | D:4      | XOM: god gift: 4 javelins of returning
  3591 | D:5      | Entered Level 5 of the Dungeon
  3619 | D:5      | Found a staircase to the Ecumenical Temple.
  3797 | D:5      | Reached skill level 8 in Axes
  3845 | D:5      | XOM: divination: detect creatures
  3974 | D:5      | XOM: enchant monster (good)
  4009 | D:5      | XOM: smoke on damage
  4015 | D:5      | XOM: summons friendly crimson imp
  4022 | D:5      | HP: 2/52 [gnoll/spear (7)]
  4235 | D:5      | XOM: cast spell 'Hydra Form'
  4237 | D:5      | XOM: polymorph gnoll shaman -> hound
  4283 | D:5      | XOM: 9-stop teleportation journey
  4365 | D:5      | Found a blossoming altar of Fedhas.
  4370 | D:5      | Found a stormy altar of Qazlal.
  4419 | D:5      | Reached XP level 8. HP: 58/58 MP: 8/8
  4618 | D:5      | XOM: silly message
  4955 | D:5      | Reached skill level 9 in Axes
  5213 | D:6      | XOM: enchant monster (good)
  5219 | D:6      | XOM: potion effect (berserk rage)
  5227 | D:6      | XOM: god gift: short runed staff {god gift}
  5765 | D:6      | XOM: enchant monster (good)
  5767 | D:6      | XOM: cast spell 'Monstrous Menagerie'
  5990 | D:5      | XOM: enchant monster (good)
  6023 | D:5      | Reached skill level 10 in Axes
  6252 | D:6      | XOM: enchant monster (good)
  6271 | D:6      | Slain by an orc warrior

Action                   |  1- 3 |  4- 6 |  7- 9 || total
-------------------------+-------+-------+-------++-------
Melee: Hand axe          |    76 |   153 |   367 ||   596
       Unarmed           |       |       |    11 ||    11
       Battleaxe         |       |       |     6 ||     6
Throw: Javelin           |       |       |    16 ||    16
Evoke: Wand              |       |       |     5 ||     5
       Lamp of fire      |       |       |     1 ||     1
  Use: Potion            |       |       |     4 ||     4
       Scroll            |       |       |     2 ||     2
 Stab: Paralysed         |     2 |     1 |     3 ||     6
       Distracted        |       |       |     1 ||     1
  Eat: Chunk             |     1 |     6 |     6 ||    13
